 Dungeon Crawl Stone Soup version 0.29.1-2-gbd0b4ee654 (webtiles) character file.

Game seed: 5128532926263150319

908 Zeld the Conjurer (level 7, 0/46 HPs)
             Began as a Demonspawn Conjurer on Oct 27, 2022.
             Killed from afar by a steam dragon (8 damage)
             ... with a ball of steam
             ... on level 5 of the Dungeon.
             The game lasted 00:07:11 (8699 turns).

Zeld the Conjurer (Demonspawn Conjurer)             Turns: 8699, Time: 00:07:11

Health: 0/46       AC:  6    Str: 12    XL:     7   Next: 81%
Magic:  14/14      EV: 12    Int: 21    God:
Gold:   215        SH:  0    Dex: 11    Spells: 3/15 levels left

rFire   . . .      SeeInvis .   x - +10 dagger "Orb Guardian's Foe" {spect, rPois Str+4}
rCold   . . .      Faith    .   (no shield)
rNeg    . . .      Spirit   .   a - +0 robe
rPois   +          Reflect  .   k - +0 helmet
rElec   .          Harm     .   (no cloak)
rCorr   .          Rampage  .   r - +0 pair of gloves
Will    .....                   (no boots)
Stlth   ++........              (no amulet)
HPRegen 0.15/turn               (no ring)
MPRegen 0.14/turn               (no ring)

@: no status effects
A: slimy green scales 1, condensation shield, demonic touch 2
a: no special abilities


You were on level 5 of the Dungeon.
You visited 1 branch of the dungeon, and saw 5 of its levels.

You collected 215 gold pieces.

Inventory:

Hand Weapons
 x - the +10 dagger "Orb Guardian's Foe" (weapon) {spect, rPois Str+4}
   (You found it on level 5 of the Dungeon)

   When its wielder attacks, the weapon's spirit leaps out and strikes again.
   The spirit shares a part of any damage it takes with its wielder.
   Str:       It affects your strength (+4).
   rPois:     It protects you from poison.
Armour
 a - a +0 robe (worn)
 k - a +0 helmet (worn)
 r - a +0 pair of gloves (worn)
Wands
 q - a wand of quicksilver (3)
Scrolls
 d - 4 scrolls of identify {unknown}
 e - 2 scrolls of fear {unknown}
 g - a scroll of magic mapping {unknown}
 h - 2 scrolls of amnesia {unknown}
 i - a scroll of vulnerability {unknown}
 m - a scroll of noise {unknown}
 o - a scroll of enchant armour {unknown}
 p - a scroll of immolation {unknown}
 t - a scroll of acquirement {unknown}
 u - a scroll of silence {unknown}
 w - a scroll of teleportation {unknown}
Potions
 b - a potion of magic
 c - 2 potions of heal wounds {unknown}
 f - a potion of might {unknown}
 j - 2 potions of haste {unknown}
 l - 4 potions of mutation {unknown}
 n - 2 potions of flight {unknown}
 s - 3 potions of curing {unknown}
 v - a potion of lignification {unknown}


   Skills:
 + Level 3.5 Dodging
 + Level 3.7 Stealth
 * Level 4.7 Spellcasting
 * Level 6.3 Conjurations
 + Level 1.9 Hexes
 + Level 1.6 Translocations


You had 3 spell levels left.
You knew the following spells:

 Your Spells              Type           Power      Damage    Failure   Level
a - Magic Dart            Conj           100%       1d8       1%          1
b - Searing Ray           Conj           62%        2d6       1%          2
c - Fulminant Prism       Conj/Hex       11%        3d9       21%         4
d - Iskenderun's Mystic   Conj/Tloc      21%        2d6       22%         4
p - Apportation           Tloc           24%        N/A       5%          1

Your spell library contained the following spells:

 Spells                   Type           Power      Damage    Failure   Level
 Dazzling Flash           Conj/Hex       44%        N/A       6%          3
 Necrotise                Necr           16%        1d4       11%         1
 Vampiric Draining        Necr           4%         2d6       32%         3
 Agony                    Necr           4%         N/A       97%         5
 Alistair's Intoxication  Tmut/Pois      2%         N/A       97%         5
 Dispersal                Tloc           6%         N/A       100%        6
 Disjunction              Tloc           6%         N/A       100%        8


Dungeon Overview and Level Annotations

Branches:
Dungeon (5/15)
 Temple: D:4-7

Altars:


Innate Abilities, Weirdness & Mutations

You are partially covered in slimy green scales. (AC +2)
A meltable shield of frost defends you. (SH +0)
Your touch may inflict irresistible damage on your foes.


Message History

An adder is nearby!
The magic dart hits the adder but does no damage.
The adder hisses angrily.
The magic dart hits the adder.
The adder is moderately wounded.
The magic dart hits the adder.
The adder is severely wounded.
The steam dragon hisses angrily.
The steam dragon breathes steam at you. The ball of steam hits you!
Your condensation shield dissipates!
Unknown command.
You are engulfed in a cloud of scalding steam.
The adder is engulfed in a cloud of scalding steam.
The adder dies!
You see here 5 boomerangs.
You see here a +0 trident.
Things that are here:
a +0 dagger; a +0 robe
Things that are here:
a +0 dagger; a +0 robe
Things that are here:
a +0 spear; a gnoll corpse Your icy envelope is restored.
The steam dragon breathes steam at you. The ball of steam hits you!!
Your condensation shield dissipates!
* * * LOW HITPOINT WARNING * * *
The steam dragon breathes steam at you. The ball of steam misses you.
Things that are here:
a +0 spear; a +0 ring mail; a +0 kite shield The steam dragon breathes steam at you.
The ball of steam hits you!
* * * LOW HITPOINT WARNING * * *
You are engulfed in a cloud of scalding steam.
There is a stone staircase leading up here.
The steam dragon breathes steam at you. The ball of steam hits you!
You die...

#......## #)#####§##.###
#.......####..D.§§§#....#
#.............########.##
#......#####...# ####.#
#.(....# #..># #....#
#......# #.#.# #D######
#......# #...# #...D.).
#......###################
#########@§§...D......####
#############....D ######


There were no monsters in sight!

Vanquished Creatures
  A sky beast (D:5)
  A black bear (D:5)
  A gnoll sergeant (D:5)
  2 scorpions (D:4)
  2 hounds (D:5)
  2 jellies
  2 orc priests (D:5)
  2 iguanas (D:4)
  4 orc wizards
  7 gnolls
  4 adders
  An ufetubus (D:5)
  A worm (D:4)
  5 dart slugs
  8 orcs
  6 ball pythons
  9 endoplasms
  8 giant cockroaches
  6 hobgoblins
  4 jackals (D:2)
  5 quokkas
  6 bats
  2 frilled lizards (D:1)
  7 goblins
  6 kobolds
  4 rats
106 creatures vanquished.

Vanquished Creatures (others)
  An adder (D:5)
1 creature vanquished.

Grand Total: 107 creatures vanquished

Notes
Turn   | Place    | Note
-------+----------+-------------------------------------------
     0 | D:1      | Zeld the Demonspawn Conjurer began the quest for the Orb.
     0 | D:1      | Reached XP level 1. HP: 13/13 MP: 3/3
   278 | D:1      | Gained mutation: Your touch may inflict minor irresistible
                  | damage on your foes. [demonic ancestry]
   278 | D:1      | Reached XP level 2. HP: 19/19 MP: 1/5
   281 | D:1      | Learned a level 2 spell: Searing Ray
  1054 | D:1      | Gained mutation: You are partially covered in slimy green
                  | scales. (AC +2) [demonic ancestry]
  1054 | D:1      | Reached XP level 3. HP: 24/24 MP: 4/6
  1632 | D:1      | Learned a level 1 spell: Apportation
  1812 | D:2      | Found a faded altar of an unknown god.
  2439 | D:2      | Reached XP level 4. HP: 20/30 MP: 5/8
  4216 | D:3      | Gained mutation: A meltable shield of frost defends you.
                  | (SH +0) [demonic ancestry]
  4216 | D:3      | Reached XP level 5. HP: 35/35 MP: 5/9
  4251 | D:3      | Reached skill level 5 in Conjurations
  5693 | D:4      | Reached XP level 6. HP: 4/41 MP: 0/11
  6829 | D:4      | Learned a level 4 spell: Fulminant Prism
  6834 | D:4      | Learned a level 4 spell: Iskenderun's Mystic Blast
  7146 | D:5      | Entered Level 5 of the Dungeon
  7150 | D:5      | Identified the +10 dagger "Orb Guardian's Foe" {spect,
                  | rPois Str+4}
  7238 | D:5      | Noticed a sky beast
  7302 | D:5      | Killed a sky beast
  7303 | D:5      | Reached skill level 1 in Hexes
  7303 | D:5      | Gained mutation: Your touch may inflict irresistible damage
                  | on your foes. [demonic ancestry]
  7303 | D:5      | Reached XP level 7. HP: 12/46 MP: 4/13
  7713 | D:5      | Reached skill level 1 in Translocations
  7882 | D:5      | Reached skill level 6 in Conjurations
  8462 | D:5      | Noticed a steam dragon
  8699 | D:5      | Killed from afar by a steam dragon

Illustrated notes

Levels and vault maps discovered:
D:1:      erik_arrival_orb_chamber, layout_basic, amethyst_killhole
D:2:      layout_loops_corners, ebering_ecumenical_altar_mist
D:3:      layout_loops_ring
D:4:      layout_basic
D:5:      layout_basic

Skill      XL: |  1  2  3  4  5  6  7 |
---------------+----------------------+-----
Stealth        | 2 3 |  3.7
Dodging        | 2 3 |  3.5
Spellcasting   | 3 4 |  4.7
Conjurations   | 5 6 |  6.3
Hexes          | 1 |  1.9
Translocations | 1 |  1.6

Action                   |  1- 3 |  4- 6 |  7- 9 || total
-------------------------+-------+-------+-------++-------
Melee: Unarmed           |     2 |       |       ||     2
       Dagger            |       |    12 |     1 ||    13
       Touch             |       |     1 |       ||     1
 Cast: Magic Dart        |    79 |   104 |    18 ||   201
       Searing Ray       |     2 |    13 |    11 ||    26
Armor: Robe              |     1 |    26 |     6 ||    33
Dodge: Dodged            |    16 |    39 |    14 ||    69
Block: Other             |       |     5 |     5 ||    10
